 Dungeon Crawl Stone Soup version 0.25.1-2-g60ff931df9 (webtiles) character file.

Game seed: 14187158649157388682

17 DildoBatman the Magician (level 2, -1/19 HPs)
             Began as a Formicid Wizard on Sept 8, 2020.
             Slain by a bullfrog (3 damage)
             ... on level 2 of the Dungeon.
             The game lasted 00:01:43 (1163 turns).

DildoBatman the Magician (Formicid Wizard)          Turns: 1163, Time: 00:01:43

Health: -1/19      AC:  6    Str: 11    XL:     2   Next: 80%
Magic:  0/6        EV: 12    Int: 17    God:
Gold:   51         SH:  0    Dex:  9    Spells: 6/7 levels left

rFire    . . .     SeeInvis +   h - +0 dagger
rCold    . . .     Gourm    .   (no shield)
rNeg     . . .     Faith    .   a - +0 robe
rPois    .         Spirit   .   (helmet unavailable)
rElec    .         Reflect  .   (no cloak)
rCorr    .         Harm     .   (no gloves)
MR       .....                  (no boots)
Stlth    +.........             (no amulet)
HPRegen  0.06/turn              b - ring of attention (curse)
MPRegen  0.10/turn              c - +4 ring of protection

@: very slightly contaminated
A: permanent stasis, dig shafts and tunnels, four strong arms, antennae 3
a: Dig, Shaft Self


You were on level 2 of the Dungeon.
You were hungry.

You visited 1 branch of the dungeon, and saw 2 of its levels.

You collected 51 gold pieces.

Inventory:

Hand Weapons
 h - a +0 dagger (weapon)
Missiles
 e - 15 bolts
 g - 43 stones (quivered)
Armour
 a - a +0 robe (worn)
Jewellery
 b - a cursed ring of attention (left hand)
 c - a +4 ring of protection (right hand)
Scrolls
 d - a scroll of enchant weapon {unknown}
 f - 2 scrolls of immolation {unknown}
 i - a scroll of remove curse {unknown}
 k - a scroll of identify {unknown}
Potions
 j - a potion of curing {unknown}
Comestibles
 v - 2 rations


   Skills:
 - Level 1.7 Dodging
 - Level 2.4 Stealth
 - Level 3.2 Spellcasting
 * Level 2.3 Conjurations
   Level 1.0 Summonings
   Level 0.8 Translocations


You had 6 spell levels left.
You knew the following spells:

 Your Spells              Type           Power        Failure   Level  Hunger
c - Magic Dart            Conj           ##..         7%          1    None

Your spell library contained the following spells:

 Spells                   Type           Power        Failure   Level  Hunger
 Call Imp                 Summ           #.......     17%         2    ##.....
 Slow                     Hex            #.......     26%         2    ##.....
 Conjure Flame            Conj/Fire      #.......     32%         3    ###....
 Mephitic Cloud           Conj/Pois/Air  #.......     36%         3    ###....
 Blink                    Tloc           Unusable     N/A         2    N/A

Dungeon Overview and Level Annotations

Branches:
Dungeon (2/15)

Altars:


Innate Abilities, Weirdness & Mutations

You cannot be hasted, slowed, berserked, paralysed or teleported.
You can dig through walls and to a lower floor.
Your four strong arms can wield two-handed weapons with a shield.
You have a pair of large antennae on your head. (SInv)


Message History

Aim: a bullfrog (heavily wounded)
The magic dart hits the bullfrog.
The bullfrog is severely wounded.
The bullfrog closely misses you. The bullfrog completely misses you.
Casting: Magic Dart (safe; 7% risk of failure)
Confirm with . or Enter, or press ? or * to list all spells.
Aiming: Magic Dart (safe; 7% risk of failure)
Press: ? - help, Shift-Dir - straight line, f/p - bullfrog
Aim: a bullfrog (severely wounded)
The magic dart hits the bullfrog.
The bullfrog is almost dead.
The bullfrog completely misses you.
Casting: Magic Dart (safe; 7% risk of failure)
Confirm with . or Enter, or press ? or * to list all spells.
You don't have enough magic to cast that spell.
You hit the bullfrog.
The bullfrog is almost dead.
The bullfrog hits you. x2
You die...

### . ... ... . #.#
#.###. #.# .... #.# .#
####.#####.#
...##..........# #
.........###...####.##.
..#....F## ##..........
>......@# #....##.##
#.#.....# #..#.#
......... #.#.#.#
#.###.###...##.#.# #{
#. ##. #.#.# #. # #.#.#
#. #.#.### ##.#...##
.......##.####


You could see a bullfrog.

Vanquished Creatures
  A dart slug (D:1)
  2 giant cockroaches (D:1)
  2 goblins (D:1)
  A hobgoblin (D:1)
  3 bats
  2 frilled lizards (D:1)
  4 rats (D:1)
15 creatures vanquished.

Notes
Turn   | Place    | Note
-------+----------+-------------------------------------------
     0 | D:1      | DildoBatman the Formicid Wizard began the quest for the
                  | Orb.
     0 | D:1      | Reached XP level 1. HP: 13/13 MP: 4/4
    18 | D:1      | Reached skill level 1 in Conjurations
   437 | D:1      | Reached XP level 2. HP: 18/19 MP: 3/6
  1155 | D:2      | Noticed a bullfrog
  1163 | D:2      | Slain by a bullfrog

Illustrated notes

Levels and vault maps discovered:
D:1:      ebering_hopf_link, layout_basic
D:2:      layout_loops_ring, uniq_natasha

Skill      XL: |  1  2 |
---------------+-------+-----
Conjurations   | 1 2 |  2.3
Dodging        | |  1.7
Stealth        | |  2.4
Spellcasting   | |  3.2
Summonings     | |  1.0
Translocations | |  0.8

Action                   || total
-------------------------++-------
Melee: Dagger            ||     9
 Cast: Magic Dart        ||    44
Armor: Robe              ||     6
Dodge: Dodged            ||    15
